 Dungeon Crawl Stone Soup version 0.30-a0-738-g116ff8c4af (webtiles) character file.

Game seed: 15403097515122023675

3692 mopl the Martial Artist (level 10, -9/68 HPs)
             Began as a Djinni Transmuter on Feb 3, 2023.
             Was an Initiate of Okawaru.
             Killed by divine providence
             ... invoked by an orc priest
              (15 damage)
             ... on level 7 of the Dungeon.
             The game lasted 00:12:39 (7541 turns).

mopl the Martial Artist (Djinni Transmuter)         Turns: 7541, Time: 00:12:40

Health: -9/68      AC:  2    Str: 10 (13) XL:     10   Next: 35%
Gold:   638        EV: 21    Int: 13 (16) God:    Okawaru [......] SH:  5 Dex: 15 (18)

rFire   . . .      SeeInvis .      - Unarmed
rCold   . . .      Faith    .    (shield currently unavailable)
rNeg    . . .      Spirit   .    (body armour currently unavailable)
rPois   ∞          Reflect  +    (helmet currently unavailable)
rElec   .          Harm     .    (cloak currently unavailable)
rCorr   .          Rampage  .    (gloves currently unavailable)
Will    +....                    (boots unavailable)
Stlth   +                        e - amulet of reflection
HPRegen 0.31/turn                (no ring)
MPRegen 0.00/turn                (no ring)

@: spider-form, attractive, flying
A: venomous fangs, flying, sickness immunity, tiny, (fire resistance 2), (cold
vulnerability 1), float, innate caster, HP casting, extra vitality 1, devolution
1
a: End Transformation, Renounce Religion


You were on level 7 of the Dungeon.
You worshipped Okawaru.
Okawaru was noncommittal.
You were a venomous arachnid creature.
You visited 2 branches of the dungeon, and saw 8 of its levels.

You collected 638 gold pieces.

Inventory:

Hand Weapons
 j - the +8 quarterstaff of Toalel {heavy, rC- Dex+2 SInv}
   (You found it on level 2 of the Dungeon)

   Dex:       It affects your dexterity (+2).
   rC:        It makes you vulnerable to cold.
   SInv:      It lets you see invisible.
 s - a +0 dagger of electrocution
 w - the +7 hammer of Xydutzon {freeze, Str+3}
   (You found it on level 4 of the Dungeon)

   Str:       It affects your strength (+3).
Missiles
 v - 15 poisoned darts
 C - 3 boomerangs
 F - a curare-tipped dart
Armour
 a - a +0 robe (melded)
 k - a +0 pair of gloves (melded)
 x - a +2 cloak (melded)
 y - a +1 helmet (melded)
Jewellery
 e - an amulet of reflection (around neck)
Wands
 B - a wand of polymorph (6)
Scrolls
 c - 2 scrolls of magic mapping {unknown}
 d - a scroll of immolation {unknown}
 f - a scroll of blinking {unknown}
 g - 3 scrolls of poison {unknown}
 i - 4 scrolls of teleportation
 m - 2 scrolls of vulnerability {unknown}
 n - a scroll of fog {unknown}
 p - a scroll of noise {unknown}
 r - a scroll of silence {unknown}
 t - 2 scrolls of enchant weapon {unknown}
 E - a scroll of summoning {unknown}
Potions
 b - 2 potions of lignification {!q}
 h - 2 potions of ambrosia
 l - 4 potions of might
 o - 2 potions of invisibility
 q - 2 potions of attraction
 u - a potion of curing
 z - 2 potions of mutation {!q}
 D - a potion of berserk rage {!q}


   Skills:
 + Level 4.2 Fighting
 + Level 3.1 Throwing
 + Level 4.9 Dodging
 * Level 10.2 Unarmed Combat
 + Level 5.3 Spellcasting
 + Level 1.1 Invocations
 + Level 2.8 Evocations


You couldn't memorise any spells.
You knew the following spells:

 Your Spells              Type           Power      Damage    Failure   Level
a - Beastly Appendage     Tmut           34%        N/A       8%          1
b - Spider Form           Tmut/Pois      17%        N/A       17%         3
c - Foxfire               Conj/Fire      68%        2x1d7     8%          1
d - Ice Form              Ice/Tmut       17%        N/A       41%         4
e - Ensorcelled Hibernat  Hex/Ice        34%        N/A       11%         2
f - Portal Projectile     Hex/Tloc       34%        N/A       17%         3
g - Summon Ice Beast      Ice/Summ       17%        N/A       41%         4
w - Wereblood             Tmut           17%        N/A       11%         2
Your spell library was empty.

Dungeon Overview and Level Annotations

Branches:
Dungeon (7/15)             Temple (1/1) D:7

Altars:
Ashenzari
Cheibriados
Dithmenos
Elyvilon
Fedhas
Gozag
Hepliaklqana
Makhleb
Okawaru
Qazlal
Ru
Trog
Uskayaw
Wu Jian
Xom
Yredelemnul
Zin
The Shining One

Shops:
D:1 (


Innate Abilities, Weirdness & Mutations

You are a venomous arachnid creature.
You have venomous fangs.
You are tiny and dextrous.
You are flying.
Your spellcasting is less reliable in this form.
Your armour is entirely melded.
You are incapable of wielding weapons or throwing items.
You are immune to sickness and miasma.
You are immune to poison.
((Your flesh is very heat resistant. (rF++)))
((You are vulnerable to cold. (rC-)))
You float through the air rather than walking.
You learn spells naturally, not from books.
Your magical power is your life essence.
You have superior vitality. (+4 MHP)
You have hidden genetic defects.


Message History

Casting: Wereblood (safe; 2% risk of failure)
Confirm with . or Enter, or press ? or * to list all spells.
You turn into a venomous arachnid creature.
Your +2 cloak melds into your body.
Your +1 helmet melds into your body.
Your +0 pair of gloves melds into your body.
Your +0 robe melds into your body.
The orc completely misses you.
You bite the orc wizard!
The orc wizard looks as sick as possible!
The orc wizard is severely wounded.
You kill the orc wizard!
Okawaru accepts your kill. The orc misses you.
You hear some strange, mumbled words.
A puff of flame appears from out of thin air!
The puff of flame hits you!
* * * LOW HITPOINT WARNING * * *
You block the orc's attack.
The orc priest mumbles some strange prayers to Beogh against you.
Beogh smites you!
* * * LOW HITPOINT WARNING * * *
Something closely misses you.
You see here a +0 hand axe.
It was a potion of attraction.
You feel attractive to monsters. Something hits you but does no damage.
The orc priest begins to cast a cantrip, but forgets the words!
The orc closely misses you.
It was a potion of mutation.
You feel extremely strange.
You feel a hidden malignance growing inside you.
Something hits you.
* * * LOW HITPOINT WARNING * * *
The orc priest completely misses you. The orc closely misses you.
Unknown command.
It was a potion of degeneration.
There was something very wrong with that liquid.
You feel weakened.
You feel dopey.
You feel clumsy. The orc barely misses you.
The orc priest calls down the wrath of Beogh upon you.
Beogh smites you!
You die...

.. #.....# !.. #.....#
...####.....#
............#
............# #####
........... #...##
#......oo{###.# ..⌠.<#
#.......s.....#
#...#####........)#####
#####.......###...#
........###.######
..........#..........
#..........#..........
#........>............
#..........#..........
#..........#..........


You could see an orc priest and an orc.

Vanquished Creatures
  Sigmund (D:3)
  A steam dragon (D:7)
  Menkaure (D:4)
  A water moccasin (D:5)
  2 black bears
  3 sky beasts
  An orc warrior (D:6)
  An ogre (D:6)
  An ice beast (D:5)
  A centaur (D:6)
  2 kobold brigands (D:6)
  9 scorpions
  2 necrophages
  A bullfrog (D:7)
  5 wights (D:7)
  An electric eel (D:6)
  4 crimson imps (D:5)
  2 jellies
  Crazy Yiuf (D:4)
  3 orc priests
  A gnoll bouda (D:6)
  9 hounds
  Natasha (thrice) (D:3)
  4 iguanas
  5 orc wizards
  Terence (D:2)
  4 gnolls
  13 adders
  2 shadow imps
  An ufetubus (D:4)
  3 worms
  3 dart slugs
  19 orcs
  13 endoplasms
  3 giant cockroaches
  7 goblins
  14 hobgoblins
  5 jackals
  12 kobolds
  9 quokkas
  3 ball pythons
  6 bats
  4 frilled lizards
  6 rats
193 creatures vanquished.

Vanquished Creatures (others)
  19 foxfires (D:4)
  23 plants
42 creatures vanquished.

Grand Total: 235 creatures vanquished

Notes
Turn   | Place    | Note
-------+----------+-------------------------------------------
     0 | D:1      | mopl the Djinni Transmuter began the quest for the Orb.
     0 | D:1      | mopl set off with the following spells memorised: Beastly
                  | Appendage, Wereblood, Spider Form, Ice Form.
     0 | D:1      | Reached XP level 1. HP: 17/17 MP: 0/0
   219 | D:1      | Reached XP level 2. HP: 22/22 MP: 0/0
   412 | D:1      | Reached XP level 3. HP: 27/27 MP: 0/0
   412 | D:1      | Learned a level 1 spell: Foxfire
   420 | D:1      | Reached skill level 2 in Spellcasting
   517 | D:1      | Found Kaseomed's Weapon Shoppe.
   860 | D:1      | Reached skill level 4 in Unarmed Combat
  1065 | D:2      | Reached XP level 4. HP: 32/32 MP: 0/0
  1081 | D:2      | Identified the +8 quarterstaff of Toalel {heavy, rC- Dex+2
                  | SInv}
  1503 | D:2      | Noticed Terence
  1515 | D:2      | Killed Terence
  1516 | D:2      | Reached XP level 5. HP: 15/37 MP: 0/0
  1516 | D:2      | Learned a level 2 spell: Ensorcelled Hibernation
  1903 | D:3      | Reached skill level 5 in Unarmed Combat
  1981 | D:3      | Found a faded altar of an unknown god.
  2320 | D:3      | Noticed Sigmund
  2330 | D:3      | Killed Sigmund
  2331 | D:3      | Reached skill level 6 in Unarmed Combat
  2331 | D:3      | Reached skill level 3 in Spellcasting
  2331 | D:3      | Reached XP level 6. HP: 34/42 MP: 0/0
  2439 | D:3      | Noticed Natasha
  2451 | D:3      | Killed Natasha
  2953 | D:3      | Noticed Natasha
  2958 | D:3      | Killed Natasha
  2959 | D:3      | Reached XP level 7. HP: 39/47 MP: 0/0
  2959 | D:3      | Learned a level 3 spell: Portal Projectile
  3103 | D:3      | Noticed Natasha
  3109 | D:3      | Killed Natasha
  3364 | D:4      | Reached skill level 7 in Unarmed Combat
  3403 | D:4      | Reached XP level 8. HP: 51/52 MP: 0/0
  3522 | D:4      | Noticed Menkaure
  3530 | D:4      | Killed Menkaure
  3531 | D:4      | Reached skill level 4 in Spellcasting
  3608 | D:4      | Found a runed translucent door.
  3609 | D:4      | Identified the +7 hammer of Xydutzon {freeze, Str+3}
  3609 | D:4      | Noticed Crazy Yiuf
  3622 | D:4      | Killed Crazy Yiuf
  3623 | D:4      | Reached skill level 8 in Unarmed Combat
  3950 | D:5      | Entered Level 5 of the Dungeon
  4209 | D:5      | Found a shimmering altar of Xom.
  4232 | D:5      | Reached skill level 1 in Throwing
  4309 | D:5      | Reached skill level 2 in Fighting
  4309 | D:5      | Reached skill level 3 in Dodging
  4309 | D:5      | Reached XP level 9. HP: 56/58 MP: 0/0
  4309 | D:5      | Learned a level 4 spell: Summon Ice Beast
  4600 | D:5      | Reached skill level 9 in Unarmed Combat
  4669 | D:5      | Reached skill level 2 in Throwing
  4989 | D:6      | Reached skill level 3 in Fighting
  5236 | D:6      | Reached skill level 4 in Dodging
  5260 | D:6      | Reached skill level 1 in Evocations
  5642 | D:6      | Reached skill level 5 in Spellcasting
  5747 | D:6      | Reached XP level 10. HP: 7/67 MP: 0/0
  6022 | D:6      | Reached skill level 2 in Evocations
  6704 | D:7      | Found a staircase to the Ecumenical Temple.
  6716 | Temple   | Entered the Ecumenical Temple
  7008 | Temple   | Became a worshipper of Warmaster Okawaru
  7243 | D:7      | HP: 1/67 [something (6)]
  7249 | D:7      | Reached skill level 4 in Fighting
  7249 | D:7      | Reached skill level 3 in Throwing
  7249 | D:7      | Reached skill level 10 in Unarmed Combat
  7491 | D:7      | Reached skill level 1 in Invocations
  7540 | D:7      | Gained mutation: You have hidden genetic defects. [potion
                  | of mutation]
  7541 | D:7      | Killed from afar by an orc priest

Illustrated notes

Levels and vault maps discovered:
D:1:      mrwooster_arrival_statue, layout_basic, serial_shops,
          nicolae_shop_temple_entry_statues_fountains, corexii_corridor_pit
D:2:      minmay_recursive_quarters, layout_basic, wad_floor_pattern_untrapped,
          uniq_terence
D:3:      layout_loops_corners, basic_ecumenical_altar,
          kennysheep_cluttered_room, chequers_serial_rivers_large_a,
          nicolae_elevator_lobby_plus, uniq_sigmund, uniq_natasha
D:4:      layout_gridville, grunt_ministairs_1, nicolae_half_adder,
          uniq_crazy_yiuf_cottage, uniq_menkaure
D:5:      minmay_diamond_boxcup, layout_cave_pools, led_xom_imps
D:6:      kennysheep_housing_project, layout_loops_cross, nrook_pool_corridor
D:7:      gammafunk_corrupted_shrine, layout_basic,
          minmay_temple_entry_sparse_star, serial_bayou_pond_a,
          grunt_ministairs_5
Temple:   mainiacjoe_temple_big_plus

Skill      XL: |  1  2  3  4  5  6  7  8  9 10 |
---------------+-------------------------------+-----
Spellcasting   | 2 3 4 5 |  5.3
Unarmed Combat | 4 6 7 8 9 10 | 10.2
Throwing       | 1 2 3 |  3.1
Fighting       | 2 3 4 |  4.2
Dodging        | 3 4 |  4.9
Evocations     | 1 2 |  2.8
Invocations    | 1 |  1.1

Action                     |  1- 3 |  4- 6 |  7- 9 | 10-12 || total
---------------------------+-------+-------+-------+-------++-------
  Melee: Unarmed           |   105 |   164 |   370 |   116 ||   755
         Headbutt          |    10 |     5 |       |       ||    15
         Punch             |     4 |     3 |     9 |     6 ||    22
   Cast: Beastly Appendage |    14 |     9 |       |       ||    23
         Spider Form       |       |     5 |    21 |     6 ||    32
         Foxfire           |       |       |    10 |       ||    10
         Ice Form          |       |       |     2 |     1 ||     3
         Wereblood         |       |       |     2 |     1 ||     3
Ability: End Transformatio |       |       |     3 |       ||     3
    Use: Potion            |     1 |       |     1 |     3 ||     5
         Scroll            |       |       |     5 |       ||     5
   Stab: Sleeping          |       |     2 |     2 |       ||     4
 Armour: Robe              |    12 |    27 |    58 |    15 ||   112
         Skin              |     4 |       |    15 |     4 ||    23
  Dodge: Dodged            |    50 |    67 |   235 |    58 ||   410
  Block: Other             |     8 |    47 |    88 |    18 ||   161
         Reflection        |       |       |     1 |       ||     1

Table legend: (Time is in decaauts)
 A = Elapsed time spent in this place.
 B = Non-inter-level travel time spent in this place.
 C = Inter-level travel time spent in this place.
 D = Time resting spent in this place.
 E = Time spent auto-exploring this place.
 F = Levels seen in this place.
 G = Mean time per level.
                   A        B        C        D        E       F      G
               +--------+--------+--------+--------+--------+-----+--------+
         Total |   7439 |   7000 |    439 |   1483 |   3923 |   8 |  929.9 |
       Dungeon |   6975 |   6569 |    406 |   1483 |   3536 |   7 |  996.4 |
        Temple |    464 |    431 |     33 |      0 |    387 |   1 |  464.0 |
               +--------+--------+--------+--------+--------+-----+--------+

Top non-repeatable levels by time:
     D:6: 1424 daAuts
     D:3: 1318 daAuts
     D:5: 1116 daAuts
     D:1: 1043 daAuts
     D:4: 875 daAuts
     D:2: 764 daAuts
  Temple: 464 daAuts
     D:7: 431 daAuts
